 Dungeon Crawl Stone Soup version 0.16-a0-3661-g910cf96 (webtiles) character file.

574 JamesBald the Shield-Bearer (level 7, -1/63 HPs)
             Began as a Deep Dwarf Fighter on Jan 17, 2015.
             Was an Initiate of Elyvilon.
             Killed by divine providence
             ... invoked by an orc priest
              (11 damage)
             ... on level 4 of the Dungeon.
             The game lasted 00:50:39 (4471 turns).

JamesBald the Shield-Bearer (Deep Dwarf Fighter)    Turns: 4471, Time: 00:50:40

Health: -1/63      AC: 11    Str: 21    XL:     7   Next: 12%
Magic:  6/6        EV: 10    Int:  9    God:    Elyvilon [......]
Gold:   211        SH: 11    Dex: 12    Spells: 0 memorised, 6 levels left

rFire  . . .     SeeInvis .     o - +1 mace (holy)
rCold  . . .     Clarity  .     p - +2 ring mail {MR+}
rNeg   . . .     SustAb   .     c - +1 shield
rPois  .         Gourm    .     (no helmet)
rElec  .         Spirit   .     (no cloak)
rCorr  .         Warding  .     b - +0 pair of gloves
rMut   .         Stasis   .     s - +1 pair of boots
MR     ++...                    (no amulet)
Stlth  +.........               (no ring)
                                m - ring of flight

@: non-regenerating, drained, very resistant to hostile enchantments, very
unstealthy
A: damage resistance, recharge devices, sense surroundings 1, slow healing 3
a: Device Recharging, Lesser Healing, Renounce Religion, Evoke Flight


You were on level 4 of the Dungeon.
You worshipped Elyvilon.
Elyvilon was noncommittal.
You were not hungry.

You visited 2 branches of the dungeon, and saw 5 of its levels.

You collected 211 gold pieces.

Inventory:

Hand weapons
 a - a +0 war axe
 o - a +1 mace of holy wrath (weapon)
Missiles
 g - 4 poisoned needles
 h - 15 arrows
 v - 4 tomahawks (quivered)
 y - 24 sling bullets
Armour
 b - a +0 pair of gloves (worn)
 c - a +1 shield (worn)
 e - a +1 ring mail of cold resistance
 p - a +2 ring mail of magic resistance (worn)
 s - a +1 pair of boots (worn)
Jewellery
 m - a ring of flight (left hand)
Magical devices
 d - a wand of heal wounds (0)
Scrolls
 k - 2 scrolls of remove curse
 l - 3 scrolls of noise
 q - a scroll of identify
 t - a scroll of immolation
 u - a scroll of amnesia
Potions
 i - a potion of mutation
 j - a potion of curing
 n - 2 potions of restore abilities {unknown}
Comestibles
 f - a meat ration
 x - a bread ration


   Skills:
 + Level 3.6(3.4) Fighting
 + Level 3.0 Axes
 + Level 1.3(2.0) Maces & Flails
 + Level 5.3(5.1) Armour
 + Level 3.5(3.3) Dodging
 + Level 5.5(5.3) Shields


You had 6 spell levels left.
You didn't know any spells.

Dungeon Overview and Level Annotations

Branches:
Dungeon (4/15)             Temple (1/1) D:4

Altars:
Cheibriados
Elyvilon
Fedhas
Gozag
Kikubaaqudgha
Nemelex Xobeh
Okawaru
Sif Muna
Trog
Vehumet
Zin


Innate Abilities, Weirdness & Mutations

You are resistant to damage.
You can recharge devices by infusing magical energy.
You passively map a small area around you.
You do not heal naturally.


Message History

You finish eating.
That meat ration really hit the spot!
An orc priest comes into view. It is wielding a hand axe.
The orc priest shouts!
An orc wizard comes into view. It is wielding a dagger.
The orc wizard shouts!
The orc priest calls down the wrath of Beogh upon you.
Pain shoots through your body!
An orc priest comes into view. It is wielding a whip.
The orc priest looks braver.
The orc priest hits you with a hand axe!
The orc priest calls down the wrath of Beogh upon you.
Something smites you!
* * * LOW HITPOINT WARNING * * *
The orc priest barely misses you.
The orc priest invokes the aid of Beogh against you.
Something smites you!
* * * LOW HITPOINT WARNING * * *
The orc priest mumbles some strange prayers to Beogh against you.
Something smites you!
You die...

....####.#####..###..#
###.............#_#..##
######.#####..#'#...# ####.###
#......#.# ##......####.....#.#
####.(.#......#.#.###.#
.........#.##.#.#.# #.# ######
.###...#.#.##.#.#.###.# #.....
..[...##(.o...o.@.....# #.####
..###.........o.#.##.(# ##.#
.....#.....##.###)##..#####.#.###
.###.#.###.##.# #.##.......###..,
.# #...# #....# #.##.######.#.###
.#####.###.######.##.# #.......
..# #.....###....##.# #.#<####
..# ##...[.#.#####.# #.#.# ..####
#......#.####.# #.#.#


You could see 2 orc priests and an orc wizard.

Vanquished Creatures
  The ghost of Tyryt0 the Skirmisher, an average DgWn (D:3)
  An ogre (D:4)
  A hound (D:3)
  A giant frog skeleton (D:4)
  3 orc priests
  2 orc wizards (D:4)
  An iguana (D:4)
  A worker ant (D:4)
  6 adders
  A giant mite (D:3)
  A worm (D:2)
  An adder skeleton (D:4)
  3 giant geckos
  18 orcs
  7 bats
  5 giant cockroaches
  4 goblins
  8 hobgoblins
  3 jackals (D:3)
  17 kobolds
  A ball python (D:3)
  4 giant newts
  9 rats
  A bush (Temple)
  2 plants (Temple)
102 creatures vanquished.

Vanquished Creatures (others)
  A giant newt (D:4)
1 creature vanquished.

Grand Total: 103 creatures vanquished

Notes
Turn   | Place    | Note
--------------------------------------------------------------
     0 | D:1      | JamesBald, the Deep Dwarf Fighter, began the quest for the Orb.
     0 | D:1      | Reached XP level 1. HP: 20/20 MP: 1/1
   376 | D:1      | Reached XP level 2. HP: 27/27 MP: 2/2
   961 | D:2      | Reached XP level 3. HP: 29/34 MP: 3/3
  1015 | D:2      | Reached skill level 1 in Dodging
  1351 | D:2      | Reached skill level 4 in Armour
  1493 | D:2      | Reached XP level 4. HP: 30/42 MP: 4/4
  1573 | D:3      | Noticed Tyryt0's ghost (average DgWn)
  1596 | D:3      | Killed Tyryt0's ghost
  1596 | D:3      | Reached XP level 5. HP: 30/49 MP: 5/5
  2160 | D:3      | Reached skill level 5 in Shields
  2338 | D:3      | Reached XP level 6. HP: 13/56 MP: 6/6
  2638 | D:4      | Found an opulent altar of Gozag.
  2725 | D:4      | Found a white marble altar of Elyvilon.
  2758 | D:4      | Became a worshipper of Elyvilon the Healer
  3138 | D:4      | Reached skill level 5 in Armour
  3427 | D:4      | Reached skill level 1 in Maces & Flails
  3466 | D:4      | Found a bloodstained altar of Trog.
  3762 | D:4      | Found a staircase to the Ecumenical Temple.
  3802 | D:4      | Reached XP level 7. HP: 37/63 MP: 6/6
  3881 | Temple   | Entered the Ecumenical Temple
  4471 | D:4      | Killed from afar by an orc priest

Action                   |  1- 3 |  4- 6 |  7- 9 || total
-------------------------+-------+-------+-------++-------
Melee: War axe           |   127 |     8 |       ||   135
       Mace              |       |   330 |   120 ||   450
 Abil: Device Recharging |       |     1 |       ||     1
Evoke: Wand              |       |    10 |       ||    10
  Use: Scroll            |       |    14 |       ||    14
       Potion            |       |     2 |       ||     2
  Eat: Bread ration      |     1 |       |       ||     1
       Chunk             |       |     2 |       ||     2
       Meat ration       |       |     1 |     1 ||     2
